 Dungeon Sprint DCSS version 0.30-a0-305-g026cb31310 (webtiles) character file.

Game seed: 4380159416323792823

1218 mhtbhm the Basher (level 8, 0/126 HPs)
             Began as an Armataur Berserker on Oct 23, 2022.
             Was a Priest of Trog.
             Slain by Sonja
             ... wielding a +2 short sword of distortion
              (1 damage)
             ... in the Dungeon (Sprint I: "Red Sonja").
             The game lasted 00:00:51 (494 turns).

mhtbhm the Basher (Armataur Berserker)               Turns: 494, Time: 00:00:52

Health: 0/126      AC:  7    Str: 25    XL:     8   Next: 22%
Magic:  8/8        EV: 11    Int:  7    God:    Trog [***...]
Gold:   257        SH:  0    Dex: 16    Spells: 7/7 levels left

rFire   . . .      SeeInvis .    a - +0 mace
rCold   . . .      Faith    .    (no shield)
rNeg    . . .      Spirit   .    b - +0 ring mail {Will+}
rPois   .          Reflect  .    (no helmet)
rElec   .          Harm     .    (no cloak)
rCorr   .          Roll     +    (no gloves)
Will    +....      NoTele   +    (no barding)
Stlth   ..........               (no amulet)
HPRegen 0.41/turn                k - +6 ring of dexterity
MPRegen 0.11/turn                (no ring)

@: berserking, very quick
A: large, rugged brown scales 3, deformed body, armoured tail, roll, long
tongue, awkward tongue
a: Renounce Religion, Berserk, Trog's Hand


You were in the Dungeon.
You worshipped Trog.
Trog was most pleased with you.
You visited 1 branch You collected 407 gold pieces.
You spent 150 gold pieces at shops.

Inventory:

Hand Weapons
 a - a +0 mace (weapon)
Armour
 b - a +0 ring mail of willpower (worn)
Jewellery
 k - a +6 ring of dexterity (left hand)
Wands
 i - a wand of flame (7)
Scrolls
 h - a scroll of blinking
 j - a scroll of identify {unknown}
Potions
 c - a potion of curing
 d - a potion of heal wounds
 e - a potion of haste
 f - 2 potions of magic
 g - a potion of berserk rage


   Skills:
 + Level 10.3 Fighting
 + Level 11.4 Maces & Flails
 + Level 8.0 Armour
 + Level 4.5 Dodging


You had 7 spell levels left.
You didn't know any spells.
Your spell library was empty.

Dungeon Overview and Level Annotations

Branches:
Dungeon (1/1)

Altars:
Cheibriados
Dithmenos
Elyvilon
Fedhas
Gozag
Hepliaklqana
Kikubaaqudgha
Makhleb
Nemelex Xobeh
Okawaru
Qazlal
Ru
Sif Muna
Trog
Uskayaw
Vehumet
Wu Jian
Xom
Yredelemnul
Zin
The Shining One
Jiyva
Lugonu

Shops:
D *

Annotations:
D Sonja


Innate Abilities, Weirdness & Mutations

You are completely covered in rugged brown scales. (AC +3, +7% HP)
Armour fits poorly on your strangely shaped body.
You have a long armoured tail.
You roll when moving toward enemies. (Rampage)
Your long tongue fully drains potion bottles. (2x potion effects)
Your tongue gives you trouble enunciating. (1.5x scroll delay)


Message History

You are too injured to fight recklessly!
You are too injured to fight recklessly!
You are too injured to fight recklessly!
You are too injured to fight recklessly!
You are too injured to fight recklessly!
You are too injured to fight recklessly!
You are too injured to fight recklessly!
You are too injured to fight recklessly!
You are too injured to fight recklessly!
You are too injured to fight recklessly!
You are too injured to fight recklessly!
You are too injured to fight recklessly!
You are too injured to fight recklessly!
You are too injured to fight recklessly!
You are too injured to fight recklessly!
You closely miss Sonja.
Your tail-slap misses Sonja.
Sonja is lightly wounded.
Sonja barely misses you. x2
Sonja hits you with a +2 short sword of distortion.
You sock Sonja!
Sonja is heavily wounded.
You barely miss Sonja.
Your tail-slap misses Sonja.
Sonja is heavily wounded.
Sonja hits you but does no damage. Space warps horribly around you!
Sonja hits you with a +2 short sword of distortion.
Sonja hits you with a +2 short sword of distortion!
* * * LOW HITPOINT WARNING * * *
Space warps horribly around you!
* * * LOW HITPOINT WARNING * * *
Unknown command.
You sock Sonja!
Sonja is almost dead.
Sonja hits you with a +2 short sword of distortion!
* * * LOW HITPOINT WARNING * * *
Space warps around you.
* * * LOW HITPOINT WARNING * * *
Sonja hits you but does no damage. Space warps horribly around you!
* * * LOW HITPOINT WARNING * * *
Sonja hits you with a +2 short sword of distortion.
You die...

##########################
#<.#..').#..'..#__#..')..#
#..).[#..').#..'..'..#)..#
#..#####'#####'#__####...+
#..####..#...#(#### #####
#..#__####..##(#
#..#_____##'#_.+
#⌠⌠#_.∩...'..._#
####_..__##K@#'#
#_____###'#.# #######
#.### $.$ $.$ ##.## #+#


You could see Sonja.

Vanquished Creatures
  2 kobold demonologists (D)
  A slime creature (D)
  Sigmund (D)
  A yak (D)
  A floating eye (D)
  An ogre (D)
  A jelly (D)
  Ijyb (D)
9 creatures vanquished.

Notes
Turn   | Place    | Note
-------+----------+-------------------------------------------
     0 | D        | mhtbhm the Armataur Berserker began the quest for the Orb.
     0 | D        | Reached XP level 1. HP: 19/19 MP: 1/1
     1 | D        | Noticed Ijyb
     9 | D        | Killed Ijyb
    10 | D        | Reached skill level 4 in Maces & Flails
    10 | D        | Reached XP level 2. HP: 28/28 MP: 2/2
    52 | D        | Noticed an ogre
    55 | D        | Killed an ogre
    56 | D        | Reached skill level 5 in Fighting
    56 | D        | Reached skill level 6 in Maces & Flails
    56 | D        | Reached XP level 3. HP: 34/39 MP: 3/3
    56 | D        | Reached XP level 4. HP: 42/47 MP: 4/4
   115 | D        | Noticed Sigmund
   121 | D        | Killed Sigmund
   121 | D        | Reached ** piety under Trog
   122 | D        | Reached skill level 8 in Maces & Flails
   122 | D        | Reached skill level 5 in Armour
   122 | D        | Reached XP level 5. HP: 55/55 MP: 5/5
   122 | D        | Reached XP level 6. HP: 64/64 MP: 6/6
   159 | D        | Found an ornate altar of the Wu Jian Council.
   159 | D        | Found a shimmering blue altar of Sif Muna.
   161 | D        | Found a radiant altar of Vehumet.
   230 | D        | Found Odwul's Assorted Antiques.
   230 | D        | Found an ancient bone altar of Kikubaaqudgha.
   230 | D        | Found a hazy altar of Hepliaklqana.
   230 | D        | Found a stormy altar of Qazlal.
   230 | D        | Found a hide-covered altar of Uskayaw.
   230 | D        | Found a blossoming altar of Fedhas.
   230 | D        | Found a bloodstained altar of Trog.
   230 | D        | Found an iron altar of Okawaru.
   230 | D        | Found a basalt altar of Yredelemnul.
   230 | D        | Found a glowing golden altar of the Shining One.
   230 | D        | Found a snail-covered altar of Cheibriados.
   230 | D        | Found a sacrificial altar of Ru.
   230 | D        | Found a glowing silver altar of Zin.
   230 | D        | Found a shadowy altar of Dithmenos.
   230 | D        | Found a white marble altar of Elyvilon.
   230 | D        | Noticed a yak
   233 | D        | Killed a yak
   234 | D        | Reached skill level 9 in Maces & Flails
   234 | D        | Found an opulent altar of Gozag.
   235 | D        | Found a sparkling altar of Nemelex Xobeh.
   243 | D        | Bought a scroll labelled LILIRO FEXE for 25 gold pieces
   243 | D        | Bought a bone ring for 125 gold pieces
   268 | D        | Found a burning altar of Makhleb.
   268 | D        | Found a viscous altar of Jiyva.
   268 | D        | Found a shimmering altar of Xom.
   268 | D        | Found a corrupted altar of Lugonu.
   268 | D        | Noticed a slime creature
   276 | D        | Killed a slime creature
   277 | D        | Reached XP level 7. HP: 74/74 MP: 7/7
   425 | D        | Noticed a kobold demonologist
   425 | D        | Noticed a kobold demonologist
   429 | D        | Reached skill level 10 in Maces & Flails
   434 | D        | Killed a kobold demonologist
   434 | D        | Reached *** piety under Trog
   438 | D        | Killed a kobold demonologist
   439 | D        | Reached skill level 10 in Fighting
   439 | D        | Reached skill level 11 in Maces & Flails
   439 | D        | Reached XP level 8. HP: 84/84 MP: 8/8
   486 | D        | Noticed Sonja
   494 | D        | HP: 1/126 [Sonja/+2 short sword of distortion (10)]
   494 | D        | Slain by Sonja

Illustrated notes

Levels and vault maps discovered:
D:        dungeon_sprint_1 [red_sonja_temple_1, red_sonja_temple_small_1]

Skill      XL: |  1  2  3  4  5  6  7 |
---------------+----------------------+-----
Fighting       | 4 5 7 9 10 | 10.3
Maces & Flails | 4 6 8 9 11 | 11.4
Armour         | 3 4 5 6 8 |  8.0
Dodging        | 2 3 4 |  4.5

Action                   |  1- 3 |  4- 6 |  7- 9 || total
-------------------------+-------+-------+-------++-------
Melee: Mace              |    10 |    18 |    19 ||    47
       Tailslap          |     3 |     1 |     1 ||     5
       Punch             |       |     2 |       ||     2
Invok: Berserk           |     2 |     2 |     2 ||     6
Armor: Ring mail         |       |     1 |     6 ||     7
Dodge: Dodged            |     3 |     3 |    10 ||    16

Table legend: (Time is in decaauts)
 A = Elapsed time spent in this place.
 B = Non-inter-level travel time spent in this place.
 C = Inter-level travel time spent in this place.
 D = Time resting spent in this place.
 E = Time spent auto-exploring this place.
 F = Levels seen in this place.
 G = Mean time per level.
                   A        B        C        D        E       F      G
               +--------+--------+--------+--------+--------+-----+--------+
         Total |    530 |    530 |      0 |    344 |      1 |   1 |  530.0 |
       Dungeon |    530 |    530 |      0 |    344 |      1 |   1 |  530.0 |
               +--------+--------+--------+--------+--------+-----+--------+

Top non-repeatable levels by time:
       D: 530 daAuts
